Unix NetHack Version 5.0.0-0 post-release - last build Jun 10 2026 00:39:30 (3ee93aec679c4c4259841fe613dc97188e26a321,branch:main).

Game began 2026-06-13 05:28:04, ended 2026-06-13 06:14:56.

JohnDarcy, neutral male human Tourist

                                                                     ---
                                                                  #))).-----
                                                                    |<).f@.|
                                                                    -....G--
                                                                        .--

JohnDarcy the Sightseer     St:13 Dx:9 Co:17 In:15 Wi:10 Ch:14  Neutral
Dlvl:3  $:1800 HP:0(34) Pw:9(9) AC:4  Xp:4 T:1884  Burdened

Latest messages:
 The hobbit swings his sling at the kitten.
 The hobbit misses the kitten.
 The kitten bites the hobbit.
 The hobbit is killed!
 You hear some noises.
 What do you want to drink? [gqt or ?*] ?
 You feel better.
 What do you want to eat? [befru or ?*] ?
 This melon is delicious!
 You hear some noises.
 The gnome picks up a +2 dart.
 What do you want to throw? [$a or ?*] a
 In what direction? 4
 You kill the gnome!
 There are several objects here.
 The housecat misses it.
 The housecat misses it.
 What do you want to throw? [$a or ?*] a
 In what direction? 2
 The dart hits the gnome lord.
 The housecat misses it.
 The gnome lord hits!
 The housecat misses it.
 What do you want to throw? [$a or ?*] a
 In what direction? 2
 The dart hits the gnome lord!
 The housecat misses it.
 The gnome lord hits!
 The housecat misses it.
 What do you want to throw? [$a or ?*] a
 In what direction? 2
 The dart hits the gnome lord.
 The housecat misses it.
 The gnome lord hits!
 You are hit by a dart.
 A dart misses you.
 What do you want to throw? [$a or ?*] a
 In what direction? 2
 The dart hits the gnome lord.
 The housecat misses it.
 A dart misses you.
 You are hit by a dart.
 The housecat misses it.
 The gnome lord hits!
 You die...
 Do you want your possessions identified? [ynq] (y) y
 Do you want to see your attributes? [ynq] (y) y
 Do you want an account of creatures vanquished? [ynaq] (y) y
 Do you want to see your conduct and achievements? [ynq] (y) y
 Do you want to see the dungeon overview? [ynq] (y) y

Inventory:
 Coins    ('$')
  $ - 1800 gold pieces
 Weapons  (')')
  a - 11 +2 darts (at the ready)
  z - the +0 Sting (weapon in right hand)
 Armor    ('[')
  A - an uncursed +0 dwarvish cloak (being worn)
  l - an uncursed +0 Hawaiian shirt with a palm tree motif (being worn)
  w - an uncursed +0 bronze plate mail (being worn)
 Comestibles  ('%')
  f - an uncursed slime mold
  b - 7 uncursed food rations
  r - 3 uncursed tripe rations
  u - an uncursed lichen corpse
 Scrolls  ('?')
  y - an uncursed scroll of amnesia
  k - a blessed scroll of magic mapping
  j - 3 uncursed scrolls of magic mapping
  d - an uncursed scroll of scare monster
  m - a blessed scroll of teleportation
 Potions  ('!')
  t - 2 uncursed potions of confusion
  q - an uncursed potion of healing
  g - an uncursed potion of sickness
 Wands    ('/')
  h - a wand of digging (0:3)
 Tools    ('(')
  c - an expensive camera (0:57)
  s - an uncursed lock pick
 Gems/Stones  ('*')
  n - a cursed opal

JohnDarcy the Tourist's attributes:

Background:
 You were a Sightseer, a level 4 male human Tourist.
 You were neutral, on a mission for The Lady
 who was opposed by Blind Io (lawful) and Offler (chaotic).
 You were right-handed.
 You were in the Gnomish Mines, on level 3.
 You entered the dungeon 1884 turns ago.
 You had 150 experience points, 10 more were needed to attain level 5.

Basics:
 You had 0 out of 34 hit points.
 You had all 9 energy points (spell power).
 Your armor class was 4.
 Your wallet contained 1800 zorkmids.
 Autopickup was off.

Final Characteristics:
 Your strength was 13 (limit:18/100).
 Your dexterity was 9 (limit:18).
 Your constitution was 17 (limit:18).
 Your intelligence was 15 (limit:18).
 Your wisdom was 10 (limit:18).
 Your charisma was 14 (limit:18).

Final Status:
 You weren't hungry.
 You were burdened; movement was slightly slowed.
 You were wielding a dagger.
 You were unskilled in dagger.

Final Attributes:
 You were fervently aligned.
 Your items were somewhat protected from fire.
 Your items were somewhat protected from cold.
 You were aware of the presence of orcs.
 You were warded.
 You are dead.

Miscellaneous:
 You didn't encounter any bones levels.
 Total elapsed playing time was 34 minutes and 32 seconds.

Major events:
 Turn
    1: JohnDarcy the neutral male human Tourist entered the dungeon
  424: entered the Gnomish Mines
  809: became literate by naming Sting
  906: attained the rank of Sightseer (level 3)
 1884: killed by a gnome lord

You didn't know any spells.

Skills:
 Fighting Skills
   bare handed combat [Unskilled]
   two weapon combat  [Unskilled]
   riding             [Unskilled]
 Weapon Skills
   dagger             [Unskilled]
   knife              [Unskilled]
   axe                [Unskilled]
   pick-axe           [Unskilled]
   short sword        [Unskilled]
   broadsword         [Unskilled]
   long sword         [Unskilled]
   two-handed sword   [Unskilled]
   saber              [Unskilled]
   mace               [Unskilled]
   morning star       [Unskilled]
   flail              [Unskilled]
   hammer             [Unskilled]
   quarterstaff       [Unskilled]
   polearms           [Unskilled]
   spear              [Unskilled]
   trident            [Unskilled]
   lance              [Unskilled]
   bow                [Unskilled]
   sling              [Unskilled]
   crossbow           [Unskilled]
   dart               [Basic]
   shuriken           [Unskilled]
   boomerang          [Unskilled]
   whip               [Unskilled]
   unicorn horn       [Unskilled]
 Spellcasting Skills
   divination spells  [Unskilled]
   enchantment spells [Unskilled]
   escape spells      [Unskilled]

Voluntary challenges:
 Character rerolling was not enabled.
 You followed a strict vegan diet.
 You never hit with a wielded weapon.
 You never genocided any monsters.
 You never polymorphed an object.
 You never changed form.
 You used no wishes.
Achievements:
 You entered the Gnomish Mines.
 You attained the rank of Sightseer.

 The Dungeons of Doom: levels 1 to 4
    Level 1:
    Level 2:
       Stairs down to The Gnomish Mines.
    Level 3:
       A fountain.
    Level 4:
       A fountain.
 The Gnomish Mines:
    Level 3: <- You were here.
       Final resting place for
          you, killed by a gnome lord.


Vanquished creatures:
  a gnome ruler
  a shrieker
  a dwarf
 an iguana
  2 hobbits
  a large kobold
  4 giant rats
  a red mold
  a gnome
  4 geckos
  3 jackals
  a fox
  2 kobolds
  a grid bug
  3 lichens
  a kobold zombie
  3 newts
31 creatures vanquished.

No species were genocided or became extinct.

Game over:
                       ----------
                      /          \
                     /    REST    \
                    /      IN      \
                   /     PEACE      \
                  /                  \
                  |    JohnDarcy     |
                  |     1800 Au      |
                  |   killed by a    |
                  |    gnome lord    |
                  |                  |
                  |                  |
                  |       2026       |
                 *|     *  *  *      | *
        _________)/\\_//(\/(/\)/\//\/|_)_______

Aloha JohnDarcy the Tourist...

You died in The Gnomish Mines on dungeon level 3 with 1631 points,
and 1800 pieces of gold, after 1884 moves.
You were level 4 with a maximum of 34 hit points when you died.

